 Dungeon Crawl Stone Soup version 0.24.0-123-gd5b16e6ec5 (webtiles) character file.

Game seed: 14939781317568803336, levelgen mode: deterministic

1309 H0rd4k the Cutter (level 8, -4/59 HPs)
             Began as a Human Artificer on Feb 11, 2020.
             Slain by a killer bee (9 damage)
             ... on level 9 of the Dungeon on Feb 12, 2020.
             The game lasted 00:16:28 (7062 turns).

H0rd4k the Cutter (Human Artificer)                 Turns: 7062, Time: 00:16:29

Health: -4/59      AC: 10    Str: 15      XL:     8   Next: 88%
Magic:  11/11      EV: 13    Int: 14      God:
Gold:   353        SH:  0    Dex: 10 (13) Spells: 7/7 levels left

rFire    . . .     SeeInvis .   c - +0 rapier
rCold    + . .     Gourm    .   (no shield)
rNeg     + + +     Faith    +   E - +3 leather armour "Remn" {rN+++}
rPois    .         Spirit   .   y - +0 helmet
rElec    .         Reflect  .   (no cloak)
rCorr    .         Harm     .   (no gloves)
MR       .....                  m - +0 pair of boots (curse)
Stlth    +.........             b - amulet of faith
HPRegen  0.19/turn              p - ring of ice
MPRegen  0.12/turn              (no ring)

@: lethally poisoned (-4 -> -7), about to teleport
A: slimy green scales 1, blurry vision 1, clever 1, fire resistance 1
a: no special abilities


You were on level 9 of the Dungeon.
You were not hungry.

You visited 1 branch of the dungeon, and saw 9 of its levels.
You also visited: Sewer.

You collected 353 gold pieces.

Inventory:

Hand Weapons
 a - a +0 short sword
 c - a +0 rapier (weapon)
Missiles
 k - 10 poisoned darts (quivered)
 n - 7 javelins
Armour
 m - a cursed +0 pair of boots (worn)
 x - a +1 leather armour of poison resistance
 y - a +0 helmet (worn)
 E - the +3 leather armour "Remn" (worn) {rN+++}
   (You found it on level 9 of the Dungeon)

   It renders you almost immune to negative energy.
Jewellery
 b - an amulet of faith (around neck)
 j - an uncursed amulet of regeneration
 p - a ring of ice (left hand)
 B - an uncursed amulet of rage {unknown}
 G - an uncursed ring of stealth {unknown}
Wands
 d - a wand of enslavement (4)
Scrolls
 g - 3 scrolls of identify
 h - 2 scrolls of immolation {unknown}
 i - 2 scrolls of teleportation
 o - a scroll of random uselessness {unknown}
 q - 7 scrolls of magic mapping {unknown}
 r - 2 scrolls of fog {unknown}
 u - a scroll of blinking {unknown}
 w - 2 scrolls of remove curse {unknown}
 A - 2 scrolls of amnesia {unknown}
 C - a scroll of enchant weapon {unknown}
Potions
 e - 2 potions of lignification
 s - a potion of magic
 t - a potion of haste {unknown}
 v - a potion of heal wounds {unknown}
 z - a potion of flight {unknown}
 D - a potion of cancellation {unknown}
 F - a potion of ambrosia {unknown}
Comestibles
 f - 10 rations


   Skills:
 + Level 3.6 Fighting
 + Level 6.4 Short Blades
 + Level 2.1 Throwing
 + Level 3.2 Armour
 + Level 4.4 Dodging
 + Level 1.9 Stealth
 + Level 4.3 Evocations


You had 7 spell levels left.
You didn't know any spells.
Your spell library was empty.

Dungeon Overview and Level Annotations

Branches:
Dungeon (9/15)             Temple (0/1) D:6           Sewer (visited)
   Lair: D:8-11         Orc: D:9-12

Altars:
Ashenzari
Makhleb
Nemelex Xobeh
Qazlal
Ru
Trog
Vehumet
Xom

Annotations:
D:3 exclusions: downstairs and iguana
D:4 exclusion: iguana
D:5 exclusions: ice beast and upstairs, Prince Ribbit
D:6 exclusion: ice beast
D:7 exclusion: orc warrior, Duvessa, Menkaure


Innate Abilities, Weirdness & Mutations

You are partially covered in slimy green scales. (AC +2)
Scrolls take you a little longer to read.
Your mind is acute. (Int +2)
Your flesh is heat resistant. (rF+)


Message History

* * * LOW HITPOINT WARNING * * *
The phantom blinks!
The phantom blinks!
As you read the scroll of teleportation, it crumbles to dust.
You feel strangely unstable.
The killer bee buzzes angrily.
You hear an angry buzzing noise.
The killer bee buzzes angrily.
The phantom blinks!
You hear an angry buzzing noise.
The killer bee stings you.
* * * LOW HITPOINT WARNING * * *
You are poisoned.
The killer bee poisons you!
You closely miss the killer bee.
You feel sick.
The killer bee barely misses you. x2; The killer bee closely misses you.
It was a potion of mutation.
You feel extremely strange.
You feel resistant to heat.
You feel clever.
Your vision blurs.
Slimy green scales grow over part of your body.
The killer bee barely misses you. The killer bee stings you!
You die...

......##........##§.##..##....##.
......##........##..######....##.
#+################..#....#....###
......(#..#.##.#....###
.......#..#.##÷#....##.
#.'..#.##(#....##. .
#.#..#.##.#....##.
....####y#..#.##.#....##.
...y...y@####....'†...##.
########## ######.......
#........ ##..##### #..#....
#..#.... #..#.... #..#..##
####....


You could see 3 killer bees.

Vanquished Creatures
  Purgy (Sewer)
  A phantom (D:9)
  2 centaurs
  2 bullfrogs
  2 scorpions
  Dowan (D:7)
  A centaur zombie (D:7)
  3 hounds
  A quasit (D:9)
  2 orc priests
  A jelly (D:7)
  An iguana (D:9)
  3 orc wizards
  3 worker ants
  A hound zombie (D:7)
  3 worker ant zombies
  2 gnolls (D:7)
  9 adders
  A river rat (D:3)
  A worm (D:2)
  A dart slug (D:2)
  5 leopard geckos
  16 orcs
  3 ball pythons
  2 giant cockroaches
  4 goblins
  8 hobgoblins
  4 jackals
  4 quokkas
  7 bats
  9 frilled lizards
  6 kobolds
  4 rats
114 creatures vanquished.

Vanquished Creatures (collateral kills)
  2 gnolls (D:7)
  An adder (D:4)
  A river rat (D:3)
  2 orcs (D:9)
6 creatures vanquished.

Vanquished Creatures (others)
  A river rat (D:3)
  A ball python (Sewer)
  A bush (D:9)
3 creatures vanquished.

Grand Total: 123 creatures vanquished

Notes
Turn   | Place    | Note
-------+----------+-------------------------------------------
     0 | D:1      | H0rd4k the Human Artificer began the quest for the Orb.
     0 | D:1      | Reached XP level 1. HP: 15/15 MP: 3/3
   357 | D:1      | Reached XP level 2. HP: 20/21 MP: 4/4
   941 | D:2      | Reached XP level 3. HP: 7/26 MP: 5/5
  1377 | D:2      | Found a burning altar of Makhleb.
  1620 | D:2      | Found a bloodstained altar of Trog.
  1717 | D:3      | Noticed an earth elemental
  1718 | D:3      | Found a stormy altar of Qazlal.
  1719 | D:3      | Noticed a fire elemental
  1719 | D:3      | Noticed an air elemental
  1719 | D:3      | Noticed a water elemental
  1867 | D:3      | Reached XP level 4. HP: 14/32 MP: 6/6
  1888 | D:3      | Reached skill level 1 in Armour
  1895 | D:3      | Found a glowing drain.
  1900 | Sewer    | Entered a sewer
  1974 | Sewer    | Noticed Purgy
  1991 | Sewer    | Killed Purgy
  1991 | Sewer    | Reached skill level 2 in Short Blades
  1991 | Sewer    | Reached XP level 5. HP: 30/38 MP: 7/7
  2073 | D:3      | Found a sacrificial altar of Ru.
  2270 | D:3      | Reached XP level 6. HP: 43/44 MP: 8/8
  3011 | D:4      | Reached skill level 3 in Short Blades
  3685 | D:4      | You fall into a shaft and drop 1 floor!
  3685 | D:5      | Entered Level 5 of the Dungeon
  3685 | D:5      | Found a shimmering altar of Xom.
  3685 | D:5      | Found a shimmering altar of Xom.
  3685 | D:5      | Found a shimmering altar of Xom.
  3772 | D:4      | Noticed an orc warrior
  3790 | D:5      | Reached XP level 7. HP: 30/51 MP: 10/10
  4432 | D:5      | Reached skill level 4 in Short Blades
  4475 | D:5      | Noticed Prince Ribbit
  4670 | D:6      | Found a sparkling altar of Nemelex Xobeh.
  4881 | D:6      | Found a staircase to the Ecumenical Temple.
  5540 | D:7      | Noticed Menkaure
  5610 | D:7      | Reached skill level 1 in Throwing
  5610 | D:7      | Reached XP level 8. HP: 58/58 MP: 11/11
  5636 | D:7      | Reached skill level 5 in Short Blades
  5757 | D:7      | Noticed Dowan
  5788 | D:7      | Killed Dowan
  5893 | D:7      | Noticed Duvessa
  6579 | D:9      | Found a shattered altar of Ashenzari.
  6764 | D:9      | Reached skill level 6 in Short Blades
  6766 | D:9      | Found a radiant altar of Vehumet.
  6798 | D:9      | Got a shimmering leather armour
  6809 | D:9      | Identified the +3 leather armour "Remn" {rN+++} (You found
                  | it on level 9 of the Dungeon)
  7062 | D:9      | Gained mutation: Your flesh is heat resistant. (rF+)
                  | [potion of mutation]
  7062 | D:9      | Gained mutation: Your mind is acute. (Int +2) [potion of
                  | mutation]
  7062 | D:9      | Gained mutation: Scrolls take you a little longer to read.
                  | [potion of mutation]
  7062 | D:9      | Gained mutation: You are partially covered in slimy green
                  | scales. (AC +2) [potion of mutation]
  7062 | D:9      | Slain by a killer bee

Levels and vault maps discovered:
D:1:      lightli_arrival_quake, layout_loops_ring, minmay_heptomino_d4
D:2:      layout_rooms, lightli_temple_of_fire, makhleb_grotto_becter,
          st_stairs_5
D:3:      mumra_celtic_spiral_tile, layout_basic,
          nicolae_qazlal_style_of_elements, gup_sewer_entry_bowl,
          nicolae_ru_the_path_less_chosen
D:4:      cheibrodos_old_hovel, layout_loops_corners, serial_shops, shop_statue,
          first_ration
D:5:      layout_loops_ring, xom_redecorated, minmay_pentangle,
          uniq_prince_ribbit1
D:6:      layout_loops_ring, minmay_temple_entry_wispy,
          nemelex_lonely_heart_becter
D:7:      layout_loops_ring, serial_glass, glass_columns_b, glass_columns_b,
          due_unseen_surprise, item_on_display_a, minmay_strange_pillars,
          minmay_strange_pillars, uniq_menkaure, uniq_duvessa
D:8:      layout_loops_ring, serial_bayou_pond_e, hangedman_ranch
          [blue_anna_fruit_fields], minivault_25
D:9:      layout_stronghold, nicolae_overflow_crystal_walls, ashenzari_altar_1,
          kb_lookout_dungeons_type

Skill      XL: |  1  2  3  4  5  6  7  8 |
---------------+-------------------------+-----
Armour         | 2 3 |  3.2
Fighting       | 2 3 |  3.6
Short Blades   | 2 3 4 6 |  6.4
Dodging        | 3 4 |  4.4
Evocations     | 4 |  4.3
Throwing       | 1 2 |  2.1
Stealth        | |  1.9

Action                   |  1- 3 |  4- 6 |  7- 9 || total
-------------------------+-------+-------+-------++-------
Melee: Short sword       |   163 |   130 |       ||   293
       Rapier            |       |    28 |   358 ||   386
Throw: Dart              |       |       |    26 ||    26
Evoke: Wand              |       |    40 |     4 ||    44
  Use: Potion            |       |     3 |     1 ||     4
       Scroll            |       |       |     3 ||     3
 Stab: Sleeping          |     1 |     2 |     1 ||     4
  Eat: Chunk             |     3 |     3 |    11 ||    17
       Ration            |       |     1 |       ||     1
Armor: Leather armour    |    58 |    43 |   121 ||   222
Dodge: Dodged            |   110 |   100 |   272 ||   482
